[Event "23rd Hoogeveen Open 2019"]
[Site "Hoogeveen"]
[Date "2019.10.19"]
[Round "1.15"]
[White "Pekin, Tolgay"]
[Black "Morozov, Nichita"]
[Result "0-1"]
[ECO "B24"]
[WhiteElo "2083"]
[BlackElo "2394"]
[Annotator "NA"]
[PlyCount "53"]
[EventDate "2019.10.19"]
[EventType "swiss"]
[EventCountry "NED"]
[SourceTitle "playchess.com"]
[Source "ChessBase"]
[SourceQuality "1"]
[TimeControl "40/5400+30:1800+30"]

1. e4 g6 2. Nc3 Bg7 3. g3 c5 4. Bg2 Nc6 5. d3 e6 6. Be3 Nd4 7. Nce2 e5 8. c3 Ne6 9. Nh3 Ne7 10. d4 exd4 11. cxd4 d5 12. Nhf4 dxe4 13. dxc5 Qxd1+ 14. Rxd1 f5 15. b3 Nc6 16. O-O Nxf4 17. Nxf4 Bd7 18. f3 exf3 19. Bxf3 O-O-O 20. Nd5 Be6 21. Rfe1 Rd7 22. Bf2 Ne5 23. Bg2 Rhd8 24. Nc3 Rd6 25. Rd2 Rxd2 26. Rd1 Rxd1+ 27. Nxd1 0-1

[Event "23rd Hoogeveen Open 2019"]
[Site "Hoogeveen"]
[Date "2019.10.19"]
[Round "1.16"]
[White "Jonkman, Harmen"]
[Black "Faber, Hugo"]
[Result "1-0"]
[ECO "C02"]
[WhiteElo "2383"]
[BlackElo "2077"]
[Annotator "NA"]
[PlyCount "115"]
[EventDate "2019.10.19"]
[EventType "swiss"]
[EventCountry "NED"]
[SourceTitle "playchess.com"]
[Source "ChessBase"]
[SourceQuality "1"]
[TimeControl "40/5400+30:1800+30"]

1. e4 e6 2. d4 d5 3. e5 c5 4. c3 Nc6 5. Nf3 Bd7 6. Be2 Rc8 7. O-O Nge7 8. Na3 cxd4 9. cxd4 Nf5 10. Nc2 Be7 11. Bd3 h5 12. b4 g5 13. b5 Na5 14. Ne3 Nxe3 15. fxe3 g4 16. Ne1 Nc4 17. a4 Bg5 18. Qe2 Rg8 19. g3 h4 20. Ng2 hxg3 21. hxg3 a6 22. bxa6 bxa6 23. Ra2 Qb6 24. Qd1 Qb4 25. Raf2 Bxa4 26. Qxg4 Nxe5 27. Qh5 Nxd3 28. Qxf7+ Kd8 29. Qxg8+ Kd7 30. Qh7+ Be7 31. Bd2 Qa3 32. Rf7 Re8 33. e4 Qb2 34. Be3 dxe4 35. Qg7 Nb4 36. Nf4 Qb3 37. Bc1 Bc6 38. Nh5 Nd5 39. Bg5 Bb5 40. Bxe7 Qe3+ 41. Kh1 Rxe7 42. Nf6+ Kc6 43. Nxd5 Rxf7 44. Nb4+ Kb6 45. Qxf7 Bxf1 46. Qxf1 Qh6+ 47. Kg1 Qe3+ 48. Qf2 Qc1+ 49. Kg2 e3 50. Qf8 Qd2+ 51. Kh3 e2 52. Qc5+ Kb7 53. Qc6+ Kb8 54. Qb6+ Kc8 55. Qxe6+ Kb7 56. Qc6+ Kb8 57. Nxa6+ Ka7 58. Nc5 1-0

[Event "23rd Hoogeveen Open 2019"]
[Site "Hoogeveen"]
[Date "2019.10.19"]
[Round "1.17"]
[White "Stock, Andreas"]
[Black "Vestby-Ellingsen, Mads"]
[Result "0-1"]
[ECO "A36"]
[WhiteElo "2076"]
[BlackElo "2363"]
[Annotator "NA RC"]
[PlyCount "54"]
[EventDate "2019.10.19"]
[EventType "swiss"]
[EventCountry "NED"]
[SourceTitle "playchess.com"]
[Source "ChessBase"]
[SourceQuality "1"]
[TimeControl "40/5400+30:1800+30"]

1. c4 c5 2. Nc3 g6 3. g3 Bg7 4. Bg2 Nc6 5. e4 d6 6. Nge2 e6 7. O-O Nge7 8. d3 O-O 9. Be3 Nd4 10. Rb1 Nec6 11. a3 Rb8 12. b4 b6 13. bxc5 dxc5 14. Bf4 Rb7 15. Nxd4 Nxd4 16. Qd2 Rd7 17. e5 Nf3+ 18. Bxf3 Rxd3 19. Qc1 Rxf3 20. Ne4 Bb7 21. Nxc5 Ba8 22. Rd1 Qc8 23. Nd3 Qc6 24. Kf1 g5 25. Bxg5 Rf5 26. Ke1 Qe4+ 27. Qe3 Rxg5 0-1

[Event "23rd Hoogeveen Open 2019"]
[Site "Hoogeveen"]
[Date "2019.10.19"]
[Round "1.18"]
[White "Dixit, Nikhil"]
[Black "Boersma, Jan"]
[Result "1-0"]
[ECO "B27"]
[WhiteElo "2358"]
[BlackElo "2070"]
[Annotator "NA"]
[PlyCount "33"]
[EventDate "2019.10.19"]
[EventType "swiss"]
[EventCountry "NED"]
[SourceTitle "playchess.com"]
[Source "ChessBase"]
[SourceQuality "1"]
[TimeControl "40/5400+30:1800+30"]

1. e4 c5 2. Nf3 g6 3. d4 cxd4 4. Qxd4 Nf6 5. Bb5 Nc6 6. Bxc6 dxc6 7. Qxd8+ Kxd8 8. Nc3 Bg7 9. Bf4 Be6 10. Be5 Nh5 11. O-O-O+ Kc8 12. Bxg7 Nxg7 13. Rd2 Kc7 14. Rhd1 Rad8 15. Nd4 Bc8 16. Ndb5+ cxb5 17. Nxb5+ 1-0

[Event "23rd Hoogeveen Open 2019"]
[Site "Hoogeveen"]
[Date "2019.10.19"]
[Round "1.19"]
[White "Stavast, Dick"]
[Black "Manush Shah"]
[Result "1/2-1/2"]
[ECO "A12"]
[WhiteElo "2068"]
[BlackElo "2352"]
[Annotator "NA"]
[PlyCount "139"]
[EventDate "2019.10.19"]
[EventType "swiss"]
[EventCountry "NED"]
[SourceTitle "playchess.com"]
[Source "ChessBase"]
[SourceQuality "1"]
[TimeControl "40/5400+30:1800+30"]

1. Nf3 d5 2. c4 c6 3. e3 Nf6 4. b3 Bf5 5. Bb2 e6 6. Nc3 Nbd7 7. Be2 h6 8. O-O Bd6 9. d3 Qe7 10. Rc1 O-O 11. Qd2 Rad8 12. Rfe1 a6 13. Bf1 Bg4 14. Be2 e5 15. h3 Bf5 16. cxd5 cxd5 17. d4 e4 18. Nh2 Rfe8 19. Rc2 Nf8 20. Rec1 Qd7 21. Bf1 Ng6 22. Ne2 Nh4 23. Ng3 Be6 24. Qa5 Qe7 25. a3 Nd7 26. Ng4 Bxg4 27. hxg4 Qg5 28. Qe1 Qxg4 29. Qe2 Qg5 30. Qh5 f5 31. b4 g6 32. Qxg5 hxg5 33. Ne2 Nb6 34. Nc3 Kf7 35. Nd1 Ke6 36. Bc3 Rc8 37. b5 Nc4 38. bxa6 bxa6 39. Bxc4 Rxc4 40. Bb4 Rec8 41. Rxc4 Rxc4 42. Rxc4 dxc4 43. Bxd6 Kxd6 44. Nc3 g4 45. Kf1 g5 46. g3 Ng6 47. Ke2 Ne7 48. Kd2 Kc6 49. Kc2 Nc8 50. Kb2 Nd6 51. Kc2 Kd7 52. Kd2 Ke6 53. Kc2 Nb7 54. Kb2 Nd6 55. Kc2 f4 56. Kd2 fxg3 57. fxg3 Nf5 58. Nxe4 Kd5 59. Nf6+ Ke6 60. Nxg4 Nxg3 61. Kc3 Kf5 62. Nf2 Ne4+ 63. Nxe4 Kxe4 64. Kxc4 g4 65. d5 Ke5 66. Kc5 g3 67. d6 g2 68. d7 g1=Q 69. d8=Q Qxe3+ 70. Kb4 1/2-1/2

[Event "23rd Hoogeveen Open 2019"]
[Site "Hoogeveen"]
[Date "2019.10.19"]
[Round "1.20"]
[White "De Jong, Migchiel"]
[Black "Kirchei, Viktoriia"]
[Result "1-0"]
[ECO "C41"]
[WhiteElo "2330"]
[BlackElo "2051"]
[Annotator "NA"]
[PlyCount "55"]
[EventDate "2019.10.19"]
[EventType "swiss"]
[EventCountry "NED"]
[SourceTitle "playchess.com"]
[Source "ChessBase"]
[SourceQuality "1"]
[TimeControl "40/5400+30:1800+30"]

1. e4 d6 2. d4 Nf6 3. Nc3 e5 4. Nf3 Nbd7 5. Bc4 Be7 6. O-O O-O 7. Re1 a6 8. a4 b6 9. Ne2 Rb8 10. Ng3 b5 11. Bd3 c5 12. axb5 axb5 13. c3 Ne8 14. Nf5 Bf6 15. b4 c4 16. Bc2 Bb7 17. g4 g6 18. Nh6+ Kh8 19. Be3 Bg7 20. Ra7 Nef6 21. dxe5 dxe5 22. Qd6 Qe8 23. Rd1 Qe6 24. Ng5 Qe8 25. Ngxf7+ Rxf7 26. Nxf7+ Qxf7 27. g5 Nxe4 28. Bxe4 1-0

[Event "23rd Hoogeveen Open 2019"]
[Site "Hoogeveen"]
[Date "2019.10.19"]
[Round "1.21"]
[White "Fehr, Axel"]
[Black "Moksh Amit Doshi"]
[Result "0-1"]
[ECO "B96"]
[WhiteElo "2045"]
[BlackElo "2328"]
[Annotator "NA"]
[PlyCount "82"]
[EventDate "2019.10.19"]
[EventType "swiss"]
[EventCountry "NED"]
[SourceTitle "playchess.com"]
[Source "ChessBase"]
[SourceQuality "1"]
[TimeControl "40/5400+30:1800+30"]

1. e4 c5 2. Nf3 d6 3. d4 cxd4 4. Nxd4 Nf6 5. Nc3 a6 6. Bg5 e6 7. f4 h6 8. Bh4 Qb6 9. a3 Be7 10. Bf2 Qc7 11. Bd3 e5 12. Nf5 Bxf5 13. exf5 Nbd7 14. Qf3 Nc5 15. O-O-O O-O 16. g4 exf4 17. h4 Qc6 18. Qh3 Rfc8 19. Bxc5 Qxc5 20. g5 Nh5 21. Rhe1 d5 22. f6 Bf8 23. Bf5 Rd8 24. Re5 Ng3 25. Nxd5 Bd6 26. Ne7+ Bxe7 27. Rxd8+ Rxd8 28. Rxc5 Ne2+ 29. Kb1 Rd1+ 30. Ka2 Nc1+ 31. Kb1 Bxc5 32. b4 Ne2+ 33. Ka2 Bd4 34. Bd3 Nc1+ 35. Kb1 Nxd3+ 36. Ka2 Nc1+ 37. Kb1 Ne2+ 38. Ka2 b5 39. c4 Rd2+ 40. Kb1 Rb2+ 41. Ka1 Rb3+ 0-1

[Event "23rd Hoogeveen Open 2019"]
[Site "Hoogeveen"]
[Date "2019.10.19"]
[Round "1.22"]
[White "Okkes, Menno"]
[Black "Van der Veen, Jan"]
[Result "1-0"]
[ECO "E94"]
[WhiteElo "2326"]
[BlackElo "2043"]
[Annotator "NA"]
[PlyCount "143"]
[EventDate "2019.10.19"]
[EventType "swiss"]
[EventCountry "NED"]
[SourceTitle "playchess.com"]
[Source "ChessBase"]
[SourceQuality "1"]
[TimeControl "40/5400+30:1800+30"]

1. Nf3 Nf6 2. c4 g6 3. Nc3 Bg7 4. e4 d6 5. d4 O-O 6. Be2 e5 7. O-O Na6 8. Be3 Ng4 9. Bg5 Qe8 10. h3 h6 11. Bh4 exd4 12. Nd5 g5 13. hxg4 gxh4 14. Nxd4 Qxe4 15. Nf5 Bxf5 16. gxf5 c6 17. Bd3 Qd4 18. f6 Bxf6 19. Ne7+ Kh8 20. Qh5 Bg5 21. Rad1 Nc5 22. Bb1 Qf6 23. Nf5 Bf4 24. g3 Qg5 25. Qxh4 Qxh4 26. Nxh4 Be5 27. b3 Rad8 28. Nf5 h5 29. Kg2 Ne6 30. f4 Bf6 31. Nxd6 Rd7 32. Ne4 Rxd1 33. Rxd1 Rd8 34. Rh1 Kg7 35. Rxh5 Be7 36. Rh1 Nc5 37. Nf2 a5 38. g4 Rd2 39. Kf3 Bf6 40. g5 Bd4 41. Ng4 Ne6 42. Bf5 Nc5 43. Rh7+ Kf8 44. Rh2 Rxh2 45. Nxh2 Ke7 46. Ng4 Bc3 47. Ne3 a4 48. Bc2 axb3 49. axb3 Ne6 50. Nf5+ Kd7 51. Ke4 Ba5 52. Ng3 Bd2 53. Ne2 Ke7 54. Ke5 Be3 55. Bf5 Nc5 56. b4 Na6 57. b5 cxb5 58. cxb5 Nc7 59. Bd3 Ne6 60. Bc4 Nf8 61. Ke4 Bd2 62. Kd3 Ba5 63. Nd4 Ng6 64. Ke4 Bc7 65. f5 Ne5 66. f6+ Ke8 67. Bd5 b6 68. Nf5 Kf8 69. Nh6 Bd6 70. Kf5 Bc7 71. Ke4 Nd7 72. Nxf7 1-0

[Event "23rd Hoogeveen Open 2019"]
[Site "Hoogeveen"]
[Date "2019.10.19"]
[Round "1.23"]
[White "Barthel, Ansgar"]
[Black "De Boer, Eelke"]
[Result "0-1"]
[ECO "B93"]
[WhiteElo "2037"]
[BlackElo "2323"]
[Annotator "NA"]
[PlyCount "84"]
[EventDate "2019.10.19"]
[EventType "swiss"]
[EventCountry "NED"]
[SourceTitle "playchess.com"]
[Source "ChessBase"]
[SourceQuality "1"]
[TimeControl "40/5400+30:1800+30"]

1. e4 c5 2. Nf3 d6 3. d4 cxd4 4. Nxd4 Nf6 5. Nc3 a6 6. f4 Qc7 7. Bd3 Nc6 8. Be3 g6 9. Nf3 Bg7 10. Qe2 O-O 11. O-O Nb4 12. Kh1 b5 13. a3 Nxd3 14. cxd3 Bd7 15. e5 dxe5 16. fxe5 Ng4 17. Nd5 Qd8 18. Bc5 Re8 19. Nb6 Rb8 20. Nxd7 Qxd7 21. d4 Qd5 22. a4 f6 23. axb5 axb5 24. e6 Bh6 25. Ra7 Ne3 26. Re1 Rb7 27. Rxb7 Qxb7 28. Qd3 Nd5 29. Qe4 Qc6 30. Ra1 Ra8 31. Ra3 f5 32. Qh4 Rxa3 33. bxa3 Be3 34. Qg3 f4 35. Qh3 Nf6 36. Ng5 Qd5 37. Nf3 Qe4 38. g4 Qb1+ 39. Kg2 Qc2+ 40. Kh1 Qd1+ 41. Kg2 Qe2+ 42. Kh1 Ne4 0-1

[Event "23rd Hoogeveen Open 2019"]
[Site "Hoogeveen"]
[Date "2019.10.19"]
[Round "1.24"]
[White "Wiersma, Eelke"]
[Black "Emans, Job"]
[Result "1/2-1/2"]
[ECO "C90"]
[WhiteElo "2321"]
[BlackElo "2028"]
[Annotator "NA"]
[PlyCount "45"]
[EventDate "2019.10.19"]
[EventType "swiss"]
[EventCountry "NED"]
[SourceTitle "playchess.com"]
[Source "ChessBase"]
[SourceQuality "1"]
[TimeControl "40/5400+30:1800+30"]

1. e4 e5 2. Nf3 Nc6 3. Bb5 a6 4. Ba4 Nf6 5. O-O b5 6. Bb3 d6 7. c3 Be7 8. a4 Bb7 9. Re1 O-O 10. d4 Re8 11. Nbd2 Bf8 12. d5 Ne7 13. c4 c6 14. dxc6 Nxc6 15. axb5 axb5 16. Rxa8 Qxa8 17. cxb5 Nb4 18. Bc4 Nxe4 19. Bxf7+ Kxf7 20. Nxe4 Kg8 21. Nxd6 Rd8 22. Qb3+ Bd5 23. Qxb4 1/2-1/2

[Event "23rd Hoogeveen Open 2019"]
[Site "Hoogeveen"]
[Date "2019.10.19"]
[Round "1.25"]
[White "Dev, Shah"]
[Black "Elgersma, Onno"]
[Result "0-1"]
[ECO "D35"]
[WhiteElo "2025"]
[BlackElo "2306"]
[Annotator "NA"]
[PlyCount "72"]
[EventDate "2019.10.19"]
[EventType "swiss"]
[EventCountry "NED"]
[SourceTitle "playchess.com"]
[Source "ChessBase"]
[SourceQuality "1"]
[TimeControl "40/5400+30:1800+30"]

1. d4 d5 2. c4 e6 3. Nc3 Nf6 4. cxd5 exd5 5. Bg5 c6 6. e3 Bd6 7. Bd3 O-O 8. Nge2 Re8 9. Qc2 h6 10. Bh4 a5 11. Bg3 Na6 12. a3 Nc7 13. O-O Ne6 14. f3 Qc7 15. Rae1 Bd7 16. Bxd6 Qxd6 17. Ng3 c5 18. dxc5 Nxc5 19. Bb5 Qb6 20. Bxd7 Ncxd7 21. Nf5 Ne5 22. Na4 Qd8 23. Qb3 b5 24. Nc3 b4 25. axb4 axb4 26. Nb5 Qb6 27. Nbd4 Nc4 28. Rd1 Re5 29. Rfe1 Rae8 30. Kf2 g6 31. Nxh6+ Kg7 32. Ng4 Nxg4+ 33. fxg4 Nxe3 34. Rxe3 Rxe3 35. Qxd5 Re2+ 36. Kf1 Qf6+ 0-1

[Event "23rd Hoogeveen Open 2019"]
[Site "Hoogeveen"]
[Date "2019.10.19"]
[Round "1.26"]
[White "Bhambure, Shantanu"]
[Black "Garcia Morales, Ivette Ale"]
[Result "1-0"]
[ECO "E14"]
[WhiteElo "2291"]
[BlackElo "2013"]
[Annotator "NA"]
[PlyCount "73"]
[EventDate "2019.10.19"]
[EventType "swiss"]
[EventCountry "NED"]
[SourceTitle "playchess.com"]
[Source "ChessBase"]
[SourceQuality "1"]
[TimeControl "40/5400+30:1800+30"]

1. d4 Nf6 2. c4 e6 3. Nf3 Bb4+ 4. Nbd2 b6 5. a3 Bxd2+ 6. Qxd2 Bb7 7. e3 d6 8. Be2 Nbd7 9. O-O O-O 10. b4 Ne4 11. Qc2 f5 12. d5 e5 13. Nd2 Nxd2 14. Bxd2 Qh4 15. f4 e4 16. Bc3 Nf6 17. Qd2 Ng4 18. h3 Rae8 19. Qd4 Nf6 20. a4 Re7 21. a5 g5 22. Kh2 g4 23. Be1 Qh5 24. Ra2 Rg7 25. Bd1 Qg6 26. Bh4 gxh3 27. g3 Ng4+ 28. Kxh3 Kh8 29. Kg2 Kg8 30. Rh1 Bc8 31. axb6 axb6 32. Ra8 Bb7 33. Rxf8+ Kxf8 34. Bg5 h6 35. Bxg4 hxg5 36. Bh5 Qh7 37. Qf6+ 1-0

[Event "23rd Hoogeveen Open 2019"]
[Site "Hoogeveen"]
[Date "2019.10.19"]
[Round "1.27"]
[White "Ypma, Jord"]
[Black "Grooten, Herman"]
[Result "0-1"]
[ECO "E32"]
[WhiteElo "2013"]
[BlackElo "2274"]
[Annotator "NA"]
[PlyCount "54"]
[EventDate "2019.10.19"]
[EventType "swiss"]
[EventCountry "NED"]
[SourceTitle "playchess.com"]
[Source "ChessBase"]
[SourceQuality "1"]
[TimeControl "40/5400+30:1800+30"]

1. d4 Nf6 2. c4 e6 3. Nc3 Bb4 4. Qc2 d6 5. a3 Bxc3+ 6. Qxc3 Qe7 7. Nf3 b6 8. g3 Bb7 9. Bg2 Nbd7 10. O-O O-O 11. b3 c5 12. Bb2 cxd4 13. Nxd4 Bxg2 14. Kxg2 Rfc8 15. e4 Nxe4 16. Qe3 Nef6 17. Rad1 d5 18. cxd5 Nxd5 19. Qf3 Qf6 20. Qe2 Qg6 21. Kg1 Nc5 22. Qc4 h5 23. Nb5 Ne4 24. Qd3 Nf4 25. Qf3 Ng5 26. Qb7 Rab8 27. Qe7 Nfh3+ 0-1

[Event "23rd Hoogeveen Open 2019"]
[Site "Hoogeveen"]
[Date "2019.10.19"]
[Round "1.28"]
[White "Van Dael, Siem"]
[Black "Hoffman, Ron"]
[Result "1-0"]
[ECO "B08"]
[WhiteElo "2273"]
[BlackElo "1991"]
[Annotator "NA"]
[PlyCount "101"]
[EventDate "2019.10.19"]
[EventType "swiss"]
[EventCountry "NED"]
[SourceTitle "playchess.com"]
[Source "ChessBase"]
[SourceQuality "1"]
[TimeControl "40/5400+30:1800+30"]

1. e4 Nc6 2. Nf3 d6 3. d4 Nf6 4. Nc3 g6 5. Be3 Bg7 6. h3 a6 7. a4 O-O 8. Qd2 e5 9. Be2 exd4 10. Nxd4 Re8 11. Nxc6 bxc6 12. Bf3 Rb8 13. Rb1 c5 14. O-O Bb7 15. Bg5 Qd7 16. Rfe1 Bc6 17. Qf4 Qe6 18. Qd2 Qd7 19. Rbd1 Rb4 20. Qd3 Rd4 21. Qxa6 Rxd1 22. Rxd1 Nxe4 23. Bxe4 Bxe4 24. Nxe4 Rxe4 25. b3 Qe8 26. Be3 Rxe3 27. fxe3 Qxe3+ 28. Kh1 Be5 29. Qa8+ Kg7 30. Qf3 Qxf3 31. gxf3 Bc3 32. Rd3 Ba5 33. Re3 Kf8 34. Kg2 c6 35. Kf1 d5 36. Ke2 h5 37. Kd3 Bc7 38. Re2 Ba5 39. c3 h4 40. Rb2 Ke7 41. b4 Bb6 42. a5 Ba7 43. bxc5 Kd8 44. Kd4 Kc8 45. a6 Bb8 46. Ra2 Ba7 47. Re2 Kd7 48. Rb2 Kc8 49. Rb7 Bb8 50. Rxf7 Bg3 51. a7 1-0

[Event "23rd Hoogeveen Open 2019"]
[Site "Hoogeveen"]
[Date "2019.10.19"]
[Round "1.29"]
[White "Van der Hagen, Loek"]
[Black "Gomes, Mary Ann"]
[Result "1/2-1/2"]
[ECO "B99"]
[WhiteElo "1983"]
[BlackElo "2268"]
[Annotator "NA"]
[PlyCount "149"]
[EventDate "2019.10.19"]
[EventType "swiss"]
[EventCountry "NED"]
[SourceTitle "playchess.com"]
[Source "ChessBase"]
[SourceQuality "1"]
[TimeControl "40/5400+30:1800+30"]

1. e4 c5 2. Nf3 d6 3. d4 cxd4 4. Nxd4 Nf6 5. Nc3 a6 6. Bg5 e6 7. f4 Be7 8. Qf3 Qc7 9. O-O-O Nbd7 10. Bd3 h6 11. Bh4 g5 12. fxg5 Ne5 13. Qe2 Nfg4 14. Nf3 hxg5 15. Bg3 Qc5 16. h3 Qe3+ 17. Rd2 Qxe2 18. Bxe2 Nxf3 19. Bxf3 Ne5 20. Be2 Bd7 21. Rhd1 Bc6 22. Kb1 O-O-O 23. a4 f6 24. b4 Be8 25. b5 axb5 26. Nxb5 Bxb5 27. axb5 Kc7 28. c3 Ra8 29. Ra2 Rxa2 30. Kxa2 Nd7 31. Bf2 Rf8 32. Bd4 f5 33. exf5 exf5 34. Kb3 Bf6 35. Bg1 Be5 36. Kb4 Ra8 37. Bf3 Ra2 38. Kb3 Ra5 39. Kb4 b6 40. Bc6 Nf6 41. Re1 Nh5 42. Bd4 Nf4 43. Kb3 Nd3 44. Re3 Nc5+ 45. Kc4 f4 46. Re2 Ra4+ 47. Kd5 Nd3 48. Rd2 Bxd4 49. Rxd3 Be5 50. c4 Bb2 51. Rd2 Bc1 52. Re2 Be3 53. Rc2 Ra3 54. Ke6 f3 55. Bxf3 Bf4 56. Kf5 Be3 57. Re2 Kd7 58. Bd5 Ke7 59. Kg6 Kf8 60. Kf6 Ke8 61. Ke6 Bf4 62. Kf5+ Be3 63. Kf6 Kf8 64. Bc6 Kg8 65. Ke6 Bc5 66. Bd5 Kg7 67. Kd7 Re3 68. Ra2 Ra3 69. Re2 Re3 70. Rd2 Ra3 71. Be6 Kf6 72. Rxd6 Ra7+ 73. Kc6 Ke5 74. Rd7 Rxd7 75. Bxd7 1/2-1/2

[Event "23rd Hoogeveen Open 2019"]
[Site "Hoogeveen"]
[Date "2019.10.19"]
[Round "1.30"]
[White "Advait, Bagri"]
[Black "Albers, Sasa"]
[Result "1-0"]
[ECO "C10"]
[WhiteElo "2231"]
[BlackElo "1975"]
[Annotator "NA"]
[PlyCount "59"]
[EventDate "2019.10.19"]
[EventType "swiss"]
[EventCountry "NED"]
[SourceTitle "playchess.com"]
[Source "ChessBase"]
[SourceQuality "1"]
[TimeControl "40/5400+30:1800+30"]

1. e4 c6 2. d4 d5 3. Nc3 dxe4 4. Nxe4 Nd7 5. Ng5 Ngf6 6. Bd3 e6 7. N1f3 Bd6 8. Qe2 h6 9. Ne4 Nxe4 10. Bxe4 Nf6 11. Bd3 O-O 12. Bd2 c5 13. dxc5 Bxc5 14. O-O-O Qc7 15. h3 Bd7 16. g4 Bc6 17. g5 hxg5 18. Rhg1 e5 19. Bxg5 e4 20. Bxf6 Qf4+ 21. Nd2 Qxf6 22. Nxe4 Bxe4 23. Qxe4 g6 24. Qd5 Rfd8 25. Qxc5 Rac8 26. Qe3 Rd6 27. f4 Rb6 28. Qe5 Qc6 29. f5 Ra6 30. fxg6 1-0

[Event "23rd Hoogeveen Open 2019"]
[Site "Hoogeveen"]
[Date "2019.10.19"]
[Round "1.31"]
[White "Ricken, Katharina"]
[Black "Hilwerda, Jonas"]
[Result "0-1"]
[ECO "A15"]
[WhiteElo "1970"]
[BlackElo "2229"]
[Annotator "NA"]
[PlyCount "92"]
[EventDate "2019.10.19"]
[EventType "swiss"]
[EventCountry "NED"]
[SourceTitle "playchess.com"]
[Source "ChessBase"]
[SourceQuality "1"]
[TimeControl "40/5400+30:1800+30"]

1. Nf3 Nf6 2. g3 g6 3. b3 Bg7 4. Bb2 d6 5. d4 b6 6. Bg2 Bb7 7. O-O O-O 8. c4 Nbd7 9. d5 c5 10. Nc3 a6 11. a4 Qc7 12. Qc2 Rad8 13. e4 e5 14. Ne1 Bc8 15. Nd3 Nh5 16. Bf3 Nhf6 17. Bg2 Kh8 18. Rae1 Nh5 19. Qe2 Rde8 20. Bf3 Nhf6 21. Bg2 Ng8 22. Qc2 f5 23. exf5 gxf5 24. f4 e4 25. Nf2 Ndf6 26. Ncd1 h5 27. Ne3 Nh6 28. Bc3 Qf7 29. Nh3 h4 30. gxh4 Qh5 31. Qf2 Nfg4 32. Bxg7+ Kxg7 33. Qg3 Rh8 34. Nf2 Kf7 35. Nexg4 Nxg4 36. Nxg4 Reg8 37. h3 fxg4 38. f5 gxh3 39. Qxh3 Qxh4 40. Qxh4 Rh7 41. Qh6 Rxh6 42. Re3 Rh4 43. Rf2 Kf6 44. Kf1 Bxf5 45. Ke2 Ke5 46. Bf1 Rh2 0-1

[Event "23rd Hoogeveen Open 2019"]
[Site "Hoogeveen"]
[Date "2019.10.19"]
[Round "1.32"]
[White "Konings, Frans"]
[Black "Slagboom, Leandro"]
[Result "0-1"]
[ECO "D45"]
[WhiteElo "2198"]
[BlackElo "1954"]
[Annotator "NA"]
[PlyCount "88"]
[EventDate "2019.10.19"]
[EventType "swiss"]
[EventCountry "NED"]
[SourceTitle "playchess.com"]
[Source "ChessBase"]
[SourceQuality "1"]
[TimeControl "40/5400+30:1800+30"]

1. d4 d5 2. c4 c6 3. Nf3 Nf6 4. e3 e6 5. Nc3 Nbd7 6. Qc2 Bd6 7. g4 h6 8. Bd2 dxc4 9. Bxc4 b5 10. Bb3 Bb7 11. Rg1 Rc8 12. Bxe6 fxe6 13. Qg6+ Kf8 14. g5 Qe8 15. gxf6 Qxg6 16. Rxg6 Nxf6 17. Ne5 a6 18. Rxf6+ gxf6 19. Ng6+ Kf7 20. Nxh8+ Rxh8 21. Ne4 Be7 22. f3 c5 23. dxc5 Bxe4 24. fxe4 Bxc5 25. Rc1 Bd6 26. Rc6 Bxh2 27. Rxa6 h5 28. Ra7+ Kg6 29. Kf2 h4 30. Kg2 Bg3 31. Kh3 Rd8 32. Ba5 Rd3 33. Bc7 Bxc7 34. Rxc7 Rxe3+ 35. Kxh4 Rxe4+ 36. Kg3 Re2 37. b4 Kf5 38. Rb7 Re5 39. Kf3 Rd5 40. Ke3 e5 41. a3 e4 42. Ke2 Kf4 43. Rb6 f5 44. Rb8 e3 0-1

[Event "23rd Hoogeveen Open 2019"]
[Site "Hoogeveen"]
[Date "2019.10.19"]
[Round "1.33"]
[White "Vasse, Albert"]
[Black "Mueer, Sebastian"]
[Result "0-1"]
[ECO "B21"]
[WhiteElo "1934"]
[BlackElo "2194"]
[Annotator "NA"]
[PlyCount "64"]
[EventDate "2019.10.19"]
[EventType "swiss"]
[EventCountry "NED"]
[SourceTitle "playchess.com"]
[Source "ChessBase"]
[SourceQuality "1"]
[TimeControl "40/5400+30:1800+30"]

1. e4 c5 2. d4 cxd4 3. c3 dxc3 4. Nxc3 Nc6 5. Nf3 d6 6. Bc4 a6 7. O-O Nf6 8. Qe2 Bg4 9. Rd1 e6 10. Bf4 e5 11. Be3 Be7 12. Rac1 O-O 13. Nd5 Nxd5 14. Bxd5 Qd7 15. Bb6 Rac8 16. Qe3 Qe8 17. Qb3 Kh8 18. h3 Bd7 19. g4 Bd8 20. Kg2 Qe7 21. Bxd8 Nxd8 22. Bxb7 Rxc1 23. Rxc1 Bxg4 24. Bxa6 Bh5 25. Bc8 Ne6 26. Bxe6 fxe6 27. Rc3 Qf6 28. Re3 d5 29. exd5 e4 30. Nh2 Qxf2+ 31. Kh1 Bf3+ 32. Nxf3 exf3 0-1

[Event "23rd Hoogeveen Open 2019"]
[Site "Hoogeveen"]
[Date "2019.10.19"]
[Round "1.34"]
[White "Adocchio, Giampiero"]
[Black "Labruyere, Roger"]
[Result "1-0"]
[ECO "B86"]
[WhiteElo "2184"]
[BlackElo "1932"]
[Annotator "NA"]
[PlyCount "73"]
[EventDate "2019.10.19"]
[EventType "swiss"]
[EventCountry "NED"]
[SourceTitle "playchess.com"]
[Source "ChessBase"]
[SourceQuality "1"]
[TimeControl "40/5400+30:1800+30"]

1. e4 c5 2. Nf3 d6 3. d4 cxd4 4. Nxd4 Nf6 5. Nc3 a6 6. Bc4 e6 7. Bb3 Be7 8. g4 O-O 9. Qe2 Nc6 10. Nxc6 bxc6 11. Bg5 e5 12. h3 Nd7 13. Be3 Qa5 14. O-O-O Nc5 15. Bxc5 Qxc5 16. h4 Be6 17. g5 Bxb3 18. axb3 f5 19. f3 fxe4 20. fxe4 Rf4 21. Kb1 a5 22. Rdf1 Raf8 23. Rxf4 Rxf4 24. Qa6 g6 25. Qc8+ Kg7 26. Qe6 Rf7 27. Ka2 Qe3 28. h5 Qxg5 29. h6+ Kg8 30. Rf1 Qf4 31. Rxf4 exf4 32. e5 dxe5 33. Ne4 f3 34. c3 c5 35. c4 g5 36. Ka3 f2 37. Nxf2 1-0

[Event "23rd Hoogeveen Open 2019"]
[Site "Hoogeveen"]
[Date "2019.10.19"]
[Round "1.35"]
[White "Merkon, Oseb"]
[Black "Tabak, Stefan"]
[Result "0-1"]
[ECO "A88"]
[WhiteElo "1930"]
[BlackElo "2181"]
[Annotator "NA"]
[PlyCount "36"]
[EventDate "2019.10.19"]
[EventType "swiss"]
[EventCountry "NED"]
[SourceTitle "playchess.com"]
[Source "ChessBase"]
[SourceQuality "1"]
[TimeControl "40/5400+30:1800+30"]

1. c4 f5 2. Nc3 Nf6 3. g3 g6 4. Bg2 Bg7 5. Nf3 d6 6. d4 O-O 7. O-O c6 8. Rb1 Qe8 9. b4 e5 10. e3 e4 11. Nd2 Nbd7 12. c5 d5 13. b5 g5 14. f3 exf3 15. Nxf3 h6 16. a4 Ne4 17. Nxe4 fxe4 18. Ne1 Nf6 0-1

[Event "23rd Hoogeveen Open 2019"]
[Site "Hoogeveen"]
[Date "2019.10.19"]
[Round "1.36"]
[White "Djukic, Sandra"]
[Black "Klaren, Duncan"]
[Result "1-0"]
[ECO "A65"]
[WhiteElo "2179"]
[BlackElo "1923"]
[Annotator "NA"]
[PlyCount "85"]
[EventDate "2019.10.19"]
[EventType "swiss"]
[EventCountry "NED"]
[SourceTitle "playchess.com"]
[Source "ChessBase"]
[SourceQuality "1"]
[TimeControl "40/5400+30:1800+30"]

1. d4 Nf6 2. c4 g6 3. Nc3 Bg7 4. e4 d6 5. Bd3 O-O 6. Nge2 c5 7. d5 e6 8. h3 exd5 9. cxd5 a6 10. a4 Nbd7 11. O-O Qc7 12. Be3 Re8 13. Ng3 h5 14. Re1 Ne5 15. Bc2 Bd7 16. f4 Nc4 17. Bc1 h4 18. Nge2 b5 19. axb5 axb5 20. Rxa8 Rxa8 21. Bd3 Na5 22. e5 Nh5 23. e6 Be8 24. Bxb5 Qb6 25. exf7+ Bxf7 26. Rf1 Bd4+ 27. Kh2 Ng3 28. Rf3 Bxd5 29. Nxd5 Qxb5 30. Nxd4 cxd4 31. Nc7 Qc6 32. Nxa8 Qxa8 33. b4 Nc6 34. b5 Ne7 35. Qxd4 Nef5 36. Qf6 Qe8 37. Qc3 Qxb5 38. Qc8+ Kg7 39. Rc3 Nf1+ 40. Kg1 Qb6+ 41. Kxf1 Ng3+ 42. Rxg3 hxg3 43. Qc3+ 1-0